 Dungeon Crawl Stone Soup version 0.17.1-2-g5865329 (webtiles) character file.

87 dnf the Cutter (level 4, -5/31 HPs)
             Began as a Halfling Chaos Knight on Jan 25, 2016.
             Slain by Sigmund
             ... wielding a +0 scythe of venom
              (14 damage)
             ... on level 3 of the Dungeon.
             The game lasted 00:21:32 (2042 turns).

dnf the Cutter (Halfling Chaos Knight)              Turns: 2042, Time: 00:21:32

Health: -5/31      AC:  5    Str: 12    XL:     4   Next: 80%
Magic:  4/4        EV: 14    Int: 11    God:    Xom [...*..]
Gold:   130        SH:  0    Dex: 14    Spells: 0 memorised, 3 levels left

rFire  . . .     SeeInvis .     a - +0 short sword (chaos)
rCold  . . .     Clarity  .     b - +2 leather armour
rNeg   . . .     SustAt   .     (shield restricted)
rPois  .         Gourm    .     (no helmet)
rElec  .         Spirit   .     (no cloak)
rCorr  .         Warding  .     (no gloves)
rMut   .         Stasis   .     (no boots)
MR     .....                    (no amulet)
Stlth  +.........               (no ring)
                                (no ring)

@: lethally poisoned (-5 -> -13), not resistant to hostile enchantments, very
unstealthy
A: mutation resistance 1
a: Renounce Religion


You were on level 3 of the Dungeon.
You worshipped Xom.
You were a favourite toy of Xom.
You were not hungry.

You visited 1 branch of the dungeon, and saw 3 of its levels.

You collected 130 gold pieces.

Inventory:

Hand Weapons
 a - a +0 short sword of chaos (weapon)
 e - a +0 hunting sling
 i - a +2 dagger of pain
 j - a cursed -2 short sword
 p - a +0 dagger of flaming
Missiles
 f - 136 stones (quivered)
 v - a tomahawk
Armour
 b - a +2 leather armour (worn)
 m - a +0 ring mail
 s - a cursed +0 leather armour
 u - a +0 shield
Jewellery
 l - an uncursed amulet of stasis
Scrolls
 d - 2 scrolls of blinking {unknown}
 k - 2 scrolls of remove curse
 n - a scroll of teleportation {unknown}
 o - 3 scrolls of identify
 q - a scroll of noise {unknown}
Potions
 g - 3 potions of flight {unknown}
 h - 2 potions of magic {unknown}
 r - a potion of heal wounds {unknown}
 t - a potion of cure mutation {unknown}
Comestibles
 c - 3 bread rations


   Skills:
 + Level 3.4 Fighting
 + Level 4.6 Short Blades
 + Level 3.0 Armour
 + Level 2.3 Dodging
 + Level 0.5 Stealth


You had 3 spell levels left.
You didn't know any spells.

Dungeon Overview and Level Annotations

Branches:
Dungeon (3/15)

Altars:
Makhleb
Okawaru

Annotations:
D:3 Sigmund


Innate Abilities, Weirdness & Mutations

You are small and have problems with some larger weapons.
You are somewhat resistant to further mutation.


Message History

Sigmund hits you with a scythe of venom!
You are poisoned.
You hit Sigmund.
Sigmund is poisoned.
Sigmund is severely wounded.
You feel sick.
You hit Sigmund.
Sigmund appears confused.
Sigmund is severely wounded.
You feel sick.
You hit Sigmund but do no damage.
Sigmund appears confused.
Sigmund is almost dead.
You feel sick.
Sigmund is no longer moving slowly.
You feel sick.
Sigmund laughs crazily.
You feel sick.
You hit Sigmund.
Sigmund looks even sicker.
Sigmund is almost dead.
* * * LOW HITPOINT WARNING * * *
You feel sick.
Sigmund hits you with a scythe of venom!
You die...

#.#.......#...##. .# # #
##.....##..#... #
#.####.####....<. ##
#..............# #####.
###.#####.†##..######.....
#.......................
#####..†......######....
#...†...............
#..@@.#####.........
#...#.[............)
############........
#........ #........
#########


You could see Sigmund (confused).

Vanquished Creatures
  2 adders (D:3)
  A giant gecko (D:2)
  4 orcs (D:3)
  5 hobgoblins
  3 ball pythons (D:2)
  14 bats
  3 giant cockroaches
  3 giant newts
  10 goblins
  3 jackals (D:3)
  9 kobolds
  A quokka (D:2)
  8 rats
66 creatures vanquished.

Notes
Turn   | Place    | Note
--------------------------------------------------------------
     0 | D:1      | dnf the Halfling Chaos Knight began the quest for the Orb.
     0 | D:1      | Reached XP level 1. HP: 15/15 MP: 1/1
   279 | D:1      | XOM: harmless Summ miscast
   286 | D:1      | Reached XP level 2. HP: 20/20 MP: 2/2
   442 | D:1      | XOM: harmless Pois miscast
   634 | D:1      | Reached XP level 3. HP: 26/26 MP: 3/3
   771 | D:1      | XOM: divination: detect creatures
  1312 | D:2      | XOM: vitrification
  1764 | D:3      | Reached XP level 4. HP: 31/31 MP: 4/4
  1797 | D:3      | Found an iron altar of Okawaru.
  1848 | D:3      | XOM: harmless Summ miscast
  1967 | D:3      | Found a burning altar of Makhleb.
  2027 | D:3      | Noticed Sigmund
  2029 | D:3      | XOM: confuse monster(s)
  2042 | D:3      | Slain by Sigmund

Action                   |  1- 3 |  4- 6 || total
-------------------------+-------+-------++-------
Melee: Short sword       |   141 |    56 ||   197
  Use: Scroll            |       |     1 ||     1
 Stab: Paralysed         |     3 |       ||     3
       Sleeping          |     1 |       ||     1
       Confused          |       |     3 ||     3
  Eat: Fruit             |     3 |       ||     3
       Bread ration      |       |     1 ||     1
